NYP
EUGENE EMERALDS @ BATAVIA MUCKDOGS
07/22/2045
 
TOP OF THE 1ST
Eugene Emeralds batting - Pitching for Batavia Muckdogs : LHP Byron Copeland
Pitching: LHP Byron Copeland
Batting: RHB Andy Huntley 0-0: Ball
1-0: Ball
2-0: Foul Ball, location: 2F
2-1: Foul Ball, location: 2F
2-2: Strikes out swinging
Batting: RHB Leonardo Nava 0-0: Ball
1-0: Ball
2-0: Ball
3-0: Called Strike
3-1: Foul Ball, location: 2F
3-2: Foul Ball, location: 2F
3-2: Strikes out swinging
Batting: RHB Taylor Garofalo 0-0: Ball
1-0: Ball
2-0: Foul Ball, location: 2F
2-1: Swinging Strike
2-2: Ball
3-2: Ground out 5-3 (Groundball, 56, EV 86.2 MPH)
Top of the 1st over - 0 runs, 0 hits, 0 errors, 0 left on base; Eugene 0 - Batavia 0
BOTTOM OF THE 1ST
Batavia Muckdogs batting - Pitching for Eugene Emeralds : LHP Bernard Grose
Pitching: LHP Bernard Grose
Batting: RHB Tom Thompson 0-0: Called Strike
0-1: Ball
1-1: Ground out 4-3 (Groundball, 4, EV 82.5 MPH)
Batting: LHB David Doge 0-0: SINGLE (Groundball, 34S, EV 60.0 MPH) (infield hit)
Batting: RHB Tony Stedman 0-0: Called Strike
David Doge steals 2nd base
0-1: Called Strike
0-2: Ball
1-2: Ball
2-2: Ball
3-2: Base on Balls
Batting: RHB Len Graham 0-0: Swinging Strike
0-1: DOUBLE (Line Drive, 7LM, EV 90.0 MPH)
David Doge scores
Tony Stedman to third
Batting: RHB J.D. Vander Klok 0-0: Called Strike
0-1: Foul Ball, location: 2F
0-2: 3-RUN HOME RUN (Flyball, 7D, EV 106.2 MPH), Distance : 410 ft
Batting: RHB Jim Fisher 0-0: Ball
1-0: Fly out, F3 (Line Drive, 4, EV 69.4 MPH)
Batting: RHB Andy Kelly 0-0: Ball
1-0: Ball
2-0: Ball
3-0: Called Strike
3-1: Called Strike
3-2: Base on Balls
Pitching: RHP Karl Stuart
Batting: LHB Ryan Thompson 0-0: Ball
1-0: Called Strike
1-1: Ball
Andy Kelly steals 2nd base
2-1: Called Strike
2-2: Ball
3-2: Base on Balls
Batting: RHB Jeremy Dennis 0-0: Ball
1-0: Ball
2-0: Ball
3-0: Called Strike
3-1: Base on Balls
Andy Kelly to third
Ryan Thompson to second
Batting: RHB Tom Thompson 0-0: Called Strike
0-1: Hit by Pitch
Andy Kelly scores
Ryan Thompson to third
Jeremy Dennis to second
Batting: LHB David Doge 0-0: Ball
1-0: Foul Ball, location: 2F
1-1: Ball
2-1: DOUBLE (Line Drive, 78D, EV 105.6 MPH)
Ryan Thompson scores
Jeremy Dennis scores
Tom Thompson to third
Runner from 3rd tries for Home, SAFE, no throw by CF
Batting: RHB Tony Stedman 0-0: Called Strike
0-1: Foul Ball, location: 2F
0-2: Foul Ball, location: 2F
0-2: Ball
1-2: Fly out, F9 (Line Drive, 9, EV 101.9 MPH)
Bottom of the 1st over - 8 runs, 4 hits, 0 errors, 1 left on base; Eugene 0 - Batavia 8
TOP OF THE 2ND
Eugene Emeralds batting - Pitching for Batavia Muckdogs : LHP Byron Copeland
Batting: RHB Ryan Bush 0-0: Ground out 6-3 (Groundball, 6, EV 97.5 MPH)
Batting: RHB Du Kim 0-0: Ball
1-0: Called Strike
1-1: Foul Ball, location: 2F
1-2: Ball
2-2: Ball
3-2: Strikes out swinging
Batting: RHB Bill Holmes 0-0: Swinging Strike
0-1: Ball
1-1: SINGLE (Line Drive, 8LS, EV 106.9 MPH)
Batting: RHB Han-seung Hah 0-0: Foul Ball, location: 2F
0-1: Foul Ball, location: 2F
0-2: Strikes out looking
Top of the 2nd over - 0 runs, 1 hit, 0 errors, 1 left on base; Eugene 0 - Batavia 8
BOTTOM OF THE 2ND
Batavia Muckdogs batting - Pitching for Eugene Emeralds : RHP Karl Stuart
Pitching: RHP Mark Duffy
Batting: RHB Len Graham 0-0: Ball
1-0: Called Strike
1-1: Ball
2-1: Called Strike
2-2: Strikes out swinging
Batting: RHB J.D. Vander Klok 0-0: Ball
1-0: SINGLE (Groundball, 56S, EV 67.5 MPH) (infield hit)
Batting: RHB Jim Fisher 0-0: Swinging Strike
0-1: Swinging Strike
J.D. Vander Klok steals 2nd base
0-2: Foul Ball, location: 2F
0-2: SINGLE (Line Drive, 78M, EV 103.1 MPH)
J.D. Vander Klok to third
Runner from 3rd tries for Home, SAFE, throw by LF to home
Batting: RHB Andy Kelly 0-0: Ball
1-0: Ball
2-0: Foul Ball, location: 2F
2-1: Grounds into double play, 6-4-3 (Groundball, 6M, EV 98.1 MPH)
Bottom of the 2nd over - 1 run, 2 hits, 0 errors, 0 left on base; Eugene 0 - Batavia 9
TOP OF THE 3RD
Eugene Emeralds batting - Pitching for Batavia Muckdogs : LHP Byron Copeland
Batting: RHB Jerry Blas 0-0: Swinging Strike
0-1: Swinging Strike
0-2: Ball
1-2: Foul Ball, location: 2F
1-2: Foul Ball, location: 2F
1-2: Strikes out swinging
Batting: RHB Alvaro Romero 0-0: Ball
1-0: Swinging Strike
1-1: Fly out, F9 (Flyball, 89M, EV 87.5 MPH)
Batting: RHB Andy Huntley 0-0: Ball
1-0: Foul Ball, location: 2F
1-1: Ball
2-1: Foul Ball, location: 2F
2-2: Foul Ball, location: 2F
2-2: Foul Ball, location: 2F
2-2: Foul Ball, location: 2F
2-2: SINGLE (Flyball, 89S, EV 90.6 MPH)
Batting: RHB Leonardo Nava 0-0: Called Strike
0-1: Swinging Strike
0-2: Hit by Pitch
Andy Huntley to second
Batting: RHB Taylor Garofalo 0-0: Called Strike
0-1: Ball
1-1: Ball
2-1: Foul Ball, location: 2F
2-2: Strikes out swinging
Top of the 3rd over - 0 runs, 1 hit, 0 errors, 2 left on base; Eugene 0 - Batavia 9
BOTTOM OF THE 3RD
Batavia Muckdogs batting - Pitching for Eugene Emeralds : RHP Mark Duffy
Batting: LHB Ryan Thompson 0-0: SINGLE (Groundball, 6MD, EV 101.9 MPH)
Batting: RHB Jeremy Dennis 0-0: Ball
1-0: SINGLE (Groundball, 56D, EV 100.6 MPH)
Ryan Thompson to second
Pitching: LHP Jose Urena
Batting: RHB Tom Thompson 0-0: DOUBLE (Groundball, 5L, EV 95.6 MPH)
Ryan Thompson scores
Jeremy Dennis to third
Batting: LHB David Doge 0-0: Called Strike
0-1: Ball
1-1: Swinging Strike
1-2: Strikes out looking
Batting: RHB Tony Stedman 0-0: Foul Ball, location: 2F
0-1: Fly out, F9 (Flyball, 89M, EV 86.9 MPH)
Runner from 3rd tags up, SCORES, throw by RF
Batting: RHB Len Graham 0-0: Foul Ball, location: 2F
0-1: Swinging Strike
0-2: Ball
1-2: Foul Ball, location: 2F
1-2: Strikes out swinging
Bottom of the 3rd over - 2 runs, 3 hits, 0 errors, 1 left on base; Eugene 0 - Batavia 11
TOP OF THE 4TH
Eugene Emeralds batting - Pitching for Batavia Muckdogs : LHP Byron Copeland
Batting: RHB Ryan Bush 0-0: Ball
1-0: Foul Ball, location: 2F
1-1: Ball
2-1: Foul Ball, location: 2F
2-2: Ball
3-2: Foul Ball, location: 2F
3-2: Base on Balls
Batting: RHB Du Kim 0-0: Ball
1-0: Called Strike
1-1: Foul Ball, location: 2F
1-2: Grounds into double play, 5-4-3 (Groundball, 56, EV 111.2 MPH)
Batting: RHB Bill Holmes 0-0: Swinging Strike
0-1: Fly out, F3 (Flyball, 3D, EV 99.4 MPH)
Top of the 4th over - 0 runs, 0 hits, 0 errors, 0 left on base; Eugene 0 - Batavia 11
BOTTOM OF THE 4TH
Batavia Muckdogs batting - Pitching for Eugene Emeralds : LHP Jose Urena
Batting: RHB J.D. Vander Klok 0-0: Ball
1-0: Swinging Strike
1-1: Swinging Strike
1-2: Strikes out swinging
Batting: RHB Jim Fisher 0-0: Ball
1-0: Foul Ball, location: 2F
1-1: Ball
2-1: Ball
3-1: Foul Ball, location: 2F
3-2: Foul Ball, location: 2F
3-2: Strikes out swinging
Pitching: LHP Virgílio Beyfus
Batting: RHB Andy Kelly 0-0: Ground out 5-3 (Groundball, 56, EV 86.9 MPH)
Bottom of the 4th over - 0 runs, 0 hits, 0 errors, 0 left on base; Eugene 0 - Batavia 11
TOP OF THE 5TH
Eugene Emeralds batting - Pitching for Batavia Muckdogs : LHP Byron Copeland
Batting: RHB Han-seung Hah 0-0: Ball
1-0: Ball
2-0: Foul Ball, location: 2F
2-1: Called Strike
2-2: Ball
3-2: Base on Balls
Batting: RHB Jerry Blas 0-0: Called Strike
0-1: Foul Ball, location: 2F
0-2: Ball
1-2: Foul Ball, location: 2F
1-2: Ball
2-2: Strikes out looking
Batting: RHB Alvaro Romero 0-0: Ball
1-0: Ball
2-0: Foul Ball, location: 2F
2-1: Ball
3-1: Foul Ball, location: 2F
3-2: Foul Ball, location: 2F
3-2: Foul Ball, location: 2F
3-2: Strikes out swinging
Batting: RHB Andy Huntley 0-0: Ball
1-0: Ball
2-0: Ball
3-0: Called Strike
3-1: Base on Balls
Han-seung Hah to second
Batting: RHB Leonardo Nava 0-0: Foul Ball, location: 2F
0-1: Ball
1-1: Swinging Strike
1-2: Strikes out swinging
Top of the 5th over - 0 runs, 0 hits, 0 errors, 2 left on base; Eugene 0 - Batavia 11
BOTTOM OF THE 5TH
Batavia Muckdogs batting - Pitching for Eugene Emeralds : LHP Virgílio Beyfus
Batting: LHB Ryan Thompson 0-0: Called Strike
0-1: Ball
1-1: Swinging Strike
1-2: Ball
2-2: Ball
3-2: Base on Balls
Batting: RHB Jeremy Dennis 0-0: Grounds into double play, 5-4-3 (Groundball, 56, EV 90.0 MPH)
Batting: RHB Tom Thompson 0-0: Called Strike
0-1: Ball
1-1: Swinging Strike
1-2: Ground out 4-3 (Groundball, 4, EV 76.9 MPH)
Bottom of the 5th over - 0 runs, 0 hits, 0 errors, 0 left on base; Eugene 0 - Batavia 11
TOP OF THE 6TH
Eugene Emeralds batting - Pitching for Batavia Muckdogs : LHP Byron Copeland
Batting: RHB Taylor Garofalo 0-0: Called Strike
0-1: Ball
1-1: Ball
2-1: Foul Ball, location: 2F
2-2: Foul Ball, location: 2F
2-2: Strikes out swinging
Pitching: RHP Aidan Mitchell
Batting: RHB Ryan Bush 0-0: Called Strike
0-1: Foul Ball, location: 2F
0-2: Foul Ball, location: 2F
0-2: Ball
1-2: Foul Ball, location: 2F
1-2: Ground out 6-3 (Groundball, 6S, EV 73.8 MPH)
Batting: RHB Du Kim 0-0: Ball
1-0: Foul Ball, location: 2F
1-1: Foul Ball, location: 2F
1-2: Ball
2-2: Foul Ball, location: 2F
2-2: Foul Ball, location: 2F
2-2: Ball
3-2: Base on Balls
Batting: RHB Bill Holmes 0-0: Ball
1-0: Called Strike
Du Kim steals 2nd base
1-1: Foul Ball, location: 2F
1-2: Ball
2-2: SINGLE (Line Drive, 56, EV 108.8 MPH)
Du Kim to third
Pitching: RHP Mike Yorke
Batting: RHB Han-seung Hah 0-0: Ball
1-0: Swinging Strike
1-1: Called Strike
1-2: Foul Ball, location: 2F
1-2: Ball
2-2: Strikes out looking
Top of the 6th over - 0 runs, 1 hit, 0 errors, 2 left on base; Eugene 0 - Batavia 11
BOTTOM OF THE 6TH
Batavia Muckdogs batting - Pitching for Eugene Emeralds : LHP Virgílio Beyfus
Batting: LHB David Doge 0-0: Ball
1-0: TRIPLE (Flyball, 89XD, EV 103.1 MPH)
Batting: RHB Tony Stedman 0-0: Ball
1-0: Called Strike
1-1: Foul Ball, location: 2F
1-2: Foul Ball, location: 2F
1-2: Foul Ball, location: 2F
1-2: Ball
2-2: Ball
3-2: Base on Balls
Pitching: LHP Neal Brody
Batting: RHB Len Graham 0-0: Called Strike
0-1: Swinging Strike
0-2: Strikes out looking
Batting: RHB J.D. Vander Klok 0-0: Ball
1-0: Foul Ball, location: 2F
1-1: Foul Ball, location: 2F
1-2: Ball
2-2: Ball
3-2: Foul Ball, location: 2F
3-2: SINGLE (Groundball, 6MD, EV 97.5 MPH)
David Doge scores
Tony Stedman to second
Tony Stedman to third
Batting: RHB Jim Fisher 0-0: Called Strike
0-1: SINGLE (Groundball, 4, EV 110.0 MPH)
Tony Stedman scores
J.D. Vander Klok to second
Batting: RHB Andy Kelly 0-0: Called Strike
0-1: Ball
1-1: Foul Ball, location: 2F
1-2: Ball
2-2: Fielders Choice at 2nd, 6-4 (Groundball, 6, EV 88.8 MPH)
J.D. Vander Klok to third
Batting: LHB Ryan Thompson 0-0: Ball
1-0: Foul Ball, location: 2F
1-1: Ball
2-1: Foul Ball, location: 2F
2-2: Ground out U3 (Groundball, 3S, EV 93.8 MPH)
Bottom of the 6th over - 2 runs, 3 hits, 0 errors, 2 left on base; Eugene 0 - Batavia 13
TOP OF THE 7TH
Eugene Emeralds batting - Pitching for Batavia Muckdogs : RHP Mike Yorke
Batting: RHB Jerry Blas 0-0: Ball
1-0: Called Strike
1-1: Swinging Strike
1-2: Ground out 3-1 (Groundball, 34, EV 103.1 MPH)
Batting: RHB Alvaro Romero 0-0: Swinging Strike
0-1: Foul Ball, location: 2F
0-2: Ball
1-2: Ball
2-2: Strikes out swinging
Batting: RHB Andy Huntley 0-0: Foul Ball, location: 2F
0-1: Ground out 1-3 (Groundball, 23, EV 70.0 MPH)
Top of the 7th over - 0 runs, 0 hits, 0 errors, 0 left on base; Eugene 0 - Batavia 13
BOTTOM OF THE 7TH
Batavia Muckdogs batting - Pitching for Eugene Emeralds : LHP Neal Brody
Pitching: RHP Jake Mitchell
Batting: RHB Jeremy Dennis 0-0: Ball
1-0: Swinging Strike
1-1: Ball
2-1: Ball
3-1: Base on Balls
Batting: RHB Tom Thompson 0-0: Ball
Wild Pitch!
Jeremy Dennis to second
1-0: Foul Ball, location: 2F
1-1: Ball
2-1: Foul Ball, location: 2F
2-2: Ball
3-2: Base on Balls
Batting: LHB David Doge 0-0: Hit by Pitch
Jeremy Dennis to third
Tom Thompson to second
Batting: RHB Tony Stedman 0-0: Called Strike
0-1: Called Strike
0-2: Ball
1-2: Ball
2-2: Ball
3-2: Foul Ball, location: 2F
3-2: Base on Balls
Jeremy Dennis scores
Tom Thompson to third
David Doge to second
Pitching: RHP Andrew Baron
Batting: RHB Len Graham 0-0: Ball
1-0: Fielders Choice at 2nd, 5-4 (Groundball, 56, EV 102.5 MPH)
Tom Thompson scores
David Doge to third
Batting: RHB J.D. Vander Klok 0-0: SINGLE (Flyball, 9S, EV 93.1 MPH)
David Doge scores
Len Graham to second
Batting: RHB Jim Fisher 0-0: Called Strike
0-1: Ball
1-1: Ball
2-1: SINGLE (Groundball, 6MD, EV 95.6 MPH)
Len Graham to third
J.D. Vander Klok to second
Runner from 3rd tries for Home, SAFE, throw by CF to home
Batting: RHB Andy Kelly 0-0: Ball
1-0: Ball
2-0: Ball
Wild Pitch!
J.D. Vander Klok to third
Jim Fisher to second
3-0: Base on Balls
Batting: LHB Ryan Thompson 0-0: Ball
Balk!
J.D. Vander Klok scores
Jim Fisher to third
Andy Kelly to second
1-0: Ball
2-0: Ground out 4-3 (Groundball, 4, EV 83.1 MPH)
Jim Fisher scores
Andy Kelly to third
Batting: RHB Jeremy Dennis 0-0: Ball
1-0: SINGLE (Groundball, 6, EV 96.9 MPH)
Andy Kelly scores
Batting: RHB Tom Thompson 0-0: Ball
1-0: Ball
2-0: Ball
3-0: Called Strike
3-1: Called Strike
3-2: Base on Balls
Jeremy Dennis to second
Pitching: RHP Ricardo Aguinaga
Batting: LHB David Doge 0-0: Ball
1-0: Foul Ball, location: 2F
Balk!
Jeremy Dennis to third
Tom Thompson to second
1-1: Ground out 3-1 (Groundball, 34S, EV 65.6 MPH)
Bottom of the 7th over - 7 runs, 3 hits, 0 errors, 2 left on base; Eugene 0 - Batavia 20
TOP OF THE 8TH
Eugene Emeralds batting - Pitching for Batavia Muckdogs : RHP Mike Yorke
Batting: RHB Leonardo Nava 0-0: Called Strike
0-1: Swinging Strike
0-2: Strikes out swinging
Pitching: RHP James Bitner
Batting: RHB Taylor Garofalo 0-0: Called Strike
0-1: Ball
1-1: Called Strike
1-2: Strikes out swinging
Batting: RHB Ryan Bush 0-0: Swinging Strike
0-1: Ball
1-1: Swinging Strike
1-2: Foul Ball, location: 2F
1-2: Foul Ball, location: 2F
1-2: Strikes out swinging
Top of the 8th over - 0 runs, 0 hits, 0 errors, 0 left on base; Eugene 0 - Batavia 20
BOTTOM OF THE 8TH
Batavia Muckdogs batting - Pitching for Eugene Emeralds : RHP Ricardo Aguinaga
Batting: RHB Tony Stedman 0-0: SINGLE (Line Drive, 8LS, EV 88.8 MPH)
Batting: RHB Len Graham 0-0: Ball
1-0: Foul Ball, location: 2F
1-1: Ball
2-1: Fly out, F3 (Popup, 34S, EV 82.5 MPH)
Batting: RHB J.D. Vander Klok 0-0: Called Strike
0-1: Ball
1-1: Ball
2-1: Foul Ball, location: 2F
2-2: Foul Ball, location: 2F
2-2: Foul Ball, location: 2F
2-2: Foul Ball, location: 2F
2-2: SINGLE (Groundball, 6M, EV 95.6 MPH)
Tony Stedman to second
Batting: RHB Jim Fisher 0-0: Ball
1-0: Swinging Strike
1-1: Ball
2-1: Ball
3-1: Base on Balls
Tony Stedman to third
J.D. Vander Klok to second
Pitching: RHP Jonathan Ridgely
Batting: RHB Andy Kelly 0-0: Called Strike
0-1: Ball
1-1: Ball
2-1: Fielders Choice at 2nd, 6-4 (Groundball, 6, EV 81.2 MPH)
Tony Stedman scores
J.D. Vander Klok to third
Batting: LHB Ryan Thompson 0-0: Ball
1-0: 3-RUN HOME RUN (Flyball, 9D, EV 95.6 MPH), Distance : 383 ft
Batting: RHB Jeremy Dennis 0-0: Foul Ball, location: 2F
0-1: Ball
1-1: Foul Ball, location: 2F
1-2: Ball
2-2: Strikes out swinging
Bottom of the 8th over - 4 runs, 3 hits, 0 errors, 0 left on base; Eugene 0 - Batavia 24
TOP OF THE 9TH
Eugene Emeralds batting - Pitching for Batavia Muckdogs : RHP James Bitner
Batting: RHB Du Kim 0-0: Called Strike
0-1: Ball
1-1: Foul Ball, location: 2F
1-2: Strikes out swinging
Batting: RHB Bill Holmes 0-0: Called Strike
0-1: Foul Ball, location: 2F
0-2: Foul Ball, location: 2F
0-2: Ball
1-2: Ball
2-2: Ball
3-2: Foul Ball, location: 2F
3-2: Strikes out looking
Pitching: RHP Dan Durand
Batting: RHB Han-seung Hah 0-0: Called Strike
0-1: Ball
1-1: Swinging Strike
1-2: Strikes out looking
Top of the 9th over - 0 runs, 0 hits, 0 errors, 0 left on base; Eugene 0 - Batavia 24
Wednesday, June 22nd , 2022 - OOTP Baseball 23.4 Build 64